 Dungeon Crawl Stone Soup version 0.26-a0-661-g406de6ba63 (console) character file.

Game seed: 3004064619018514303

3886 om the Protected (level 10, -4/88 HPs)
             Began as a Deep Dwarf Fighter on Oct 8, 2020.
             Was an Initiate of Makhleb.
             Slain by a komodo dragon (16 damage)
             ... on level 8 of the Dungeon.
             The game lasted 00:15:43 (7939 turns).

om the Protected (Deep Dwarf Fighter)               Turns: 7939, Time: 00:15:44

Health: -4/88      AC: 16    Str: 23    XL:     10   Next: 0%
Magic:  9/9        EV: 10    Int:  9    God:    Makhleb [......]
Gold:   425        SH:  6    Dex: 12    Spells: 9/9 levels left

rFire    + . .     SeeInvis .   a - +1 war axe
rCold    + . .     Faith    .   o - +1 buckler
rNeg     . . .     Spirit   .   g - +0 chain mail
rPois    .         Reflect  .   v - +0 helmet
rElec    .         Harm     .   (no cloak)
rCorr    .         Rampage  .   w - +2 pair of gloves
MR       +....                  (no boots)
Stlth    ..........             (no amulet)
HPRegen  0.00/turn              s - ring of protection from fire
MPRegen  0.11/turn              n - ring of protection from cold

@: non-regenerating
A: damage resistance, heal wounds, sense surroundings 2, no regeneration
a: Heal Wounds, Renounce Religion


You were on level 8 of the Dungeon.
You worshipped Makhleb.
Makhleb was noncommittal.
You visited 2 branches of the dungeon, and saw 9 of its levels.
You also visited: Ossuary.

You collected 545 gold pieces.
You spent 120 gold pieces at shops.

Inventory:

Hand Weapons
 a - a +1 war axe (weapon)
Armour
 c - a +0 kite shield
 g - a +0 chain mail (worn)
 o - a +1 buckler (worn)
 v - a +0 helmet (worn)
 w - a +2 pair of gloves (worn)
Jewellery
 m - an uncursed ring of magical power
 n - a ring of protection from cold (right hand)
 s - a ring of protection from fire (left hand)
Scrolls
 d - 2 scrolls of teleportation {unknown}
 h - 4 scrolls of remove curse
 l - a scroll of enchant weapon
 p - 2 scrolls of enchant armour
 r - 4 scrolls of fear
 t - 3 scrolls of amnesia
 u - a scroll of identify
 x - 2 scrolls of blinking
 y - 2 scrolls of magic mapping {unknown}
Potions
 b - 2 potions of curing
 e - a potion of magic
 i - 5 potions of flight
 j - 5 potions of haste
 k - a potion of brilliance
 q - 4 potions of lignification
 A - a potion of ambrosia {unknown}


   Skills:
 + Level 5.0 Fighting
 - Level 10.0 Axes
 - Level 10.0 Armour
 + Level 4.6 Dodging
 - Level 4.0 Shields
 * Level 3.5 Invocations


You had 9 spell levels left.
You didn't know any spells.
Your spell library contained the following spells:

 Spells                   Type           Power        Failure   Level
 Confusing Touch          Hex            #.......     100%        3
 Gell's Gravitas          Tloc           #.........   100%        3
 Petrify                  Tmut/Erth      #.......     100%        4
 Metabolic Englaciation   Hex/Ice        #.........   100%        5
 Yara's Violent Unravell  Hex/Tmut       #.........   100%        5


Dungeon Overview and Level Annotations

Branches:
Dungeon (8/15)             Temple (1/1) D:7            Lair (0/6) D:8
Ossuary (visited)

Altars:
Ashenzari
Cheibriados
Dithmenos
Elyvilon
Fedhas
Gozag
Hepliaklqana
Kikubaaqudgha
Makhleb
Nemelex Xobeh
Okawaru
Qazlal
Ru
Sif Muna
Trog
Uskayaw
Vehumet
Wu Jian
Xom
Yredelemnul
Zin
The Shining One

Shops:
D:6 *


Innate Abilities, Weirdness & Mutations

You are resistant to damage.
You can heal yourself by infusing magical energy.
You passively map the area around you.
You do not regenerate.


Message History

You slash the komodo dragon!
The komodo dragon is almost dead.
The komodo dragon bites you but does no damage.
You barely miss the komodo dragon.
The komodo dragon is almost dead.
The komodo dragon bites you but does no damage.
You hit the komodo dragon.
The komodo dragon is almost dead.
The komodo dragon barely misses you.
You closely miss the komodo dragon.
The komodo dragon is almost dead.
You hit the komodo dragon but do no damage.
You feel less wooden.
Your +0 helmet unmelds from your body.
Your +2 pair of gloves unmelds from your body.
Your +0 chain mail unmelds from your body.
The komodo dragon bites you!
* * * LOW HITPOINT WARNING * * *
The komodo dragon bites you!!
You die...

#.#* , *, * ### *** *
, , ** ### * , * *
*#*, , ##.# #.. ,
..####### ** .... , ,
, ##...##.#
#######...D? , ,
#####..####
##........... , ,, #
##....###....!...#*
,, * *
##..(.....ll##.#..#**
* #######.##@# # ,
>,* * * ######** * *
*> ,, , * * * , ,,,
,* *, * * * , , , ,
,* *, ,** , , ** ***
, , * ,* ,, ,, ,, ,,
* * * * *, * ,, * ,,
, , , ,,* , * **


You could see 2 komodo dragons.

Vanquished Creatures
  Pikel (D:6)
  A hornet (D:6)
  Sigmund (D:4)
  An acid dragon (D:8)
  A water moccasin (D:6)
  Duvessa (D:6)
  3 sky beasts
  A necrophage (D:6)
  2 ice beasts (D:6)
  2 phantoms
  A black bear (D:8)
  2 ogres
  A centaur (D:8)
  An elf zombie (Ossuary)
  4 bullfrogs
  Dowan (D:6)
  A scorpion (D:4)
  8 killer bees
  A howler monkey (D:4)
  A bullfrog zombie (D:8)
  A centaur zombie (D:5)
  2 orc wizards
  2 jellies (D:6)
  3 hounds
  A centaur skeleton (D:5)
  A human zombie (Ossuary)
  An orc priest (D:7)
  An iguana (D:7)
  5 worker ants
  A big kobold zombie (Ossuary)
  2 hound zombies (Ossuary)
  A hound skeleton (D:6)
  5 mummies
  8 adders
  6 gnolls
  A shadow imp (D:6)
  An ufetubus (D:8)
  An adder zombie (Ossuary)
  3 worms
  2 dart slugs
  6 leopard geckos
  18 orcs
  8 giant cockroaches
  14 goblins
  7 hobgoblins
  9 jackals
  7 quokkas
  12 bats
  3 frilled lizards
  A giant cockroach zombie (D:5)
  4 goblin zombies
  A hobgoblin zombie (Ossuary)
  A jackal zombie (Ossuary)
  6 kobolds
  A kobold zombie (D:6)
  A leopard gecko skeleton (D:2)
  An orc zombie (Ossuary)
  12 rats
195 creatures vanquished.

Notes
Turn   | Place    | Note
-------+----------+-------------------------------------------
     0 | D:1      | om the Deep Dwarf Fighter began the quest for the Orb.
     0 | D:1      | Reached XP level 1. HP: 20/20 MP: 1/1
   122 | D:1      | Reached XP level 2. HP: 27/27 MP: 2/2
   400 | D:1      | Found a sparkling altar of Nemelex Xobeh.
   675 | D:2      | Reached XP level 3. HP: 29/33 MP: 3/3
  1458 | D:2      | Reached XP level 4. HP: 28/42 MP: 4/4
  1930 | D:3      | Reached XP level 5. HP: 39/49 MP: 5/5
  2134 | D:3      | Found a snail-covered altar of Cheibriados.
  2257 | D:3      | Found a basalt altar of Yredelemnul.
  2278 | D:3      | Found a broken altar of Ashenzari.
  2527 | D:4      | Noticed an ogre
  2550 | D:4      | Killed an ogre
  2550 | D:4      | Reached skill level 5 in Armour
  2550 | D:4      | Reached XP level 6. HP: 20/56 MP: 6/6
  2782 | D:4      | Noticed Sigmund
  2802 | D:4      | Reached skill level 5 in Axes
  2807 | D:4      | Killed Sigmund
  2881 | D:4      | Reached XP level 7. HP: 23/62 MP: 7/7
  3107 | D:4      | Found an ornate altar of the Wu Jian Council.
  3480 | D:5      | Entered Level 5 of the Dungeon
  4989 | D:6      | Reached XP level 8. HP: 54/69 MP: 7/7
  5040 | D:6      | Found Qedwajuch's Assorted Antiques.
  5053 | D:6      | Bought a scroll of identify for 60 gold pieces
  5053 | D:6      | Bought a scroll of identify for 60 gold pieces
  5072 | D:6      | Found a sand-covered staircase.
  5078 | Ossuary  | Entered an ossuary
  5104 | Ossuary  | Reached skill level 10 in Armour
  5517 | D:6      | Noticed Pikel
  5531 | D:6      | Killed Pikel
  5531 | D:6      | Gained mutation: You passively map the area around you.
                  | [Deep Dwarf growth]
  5531 | D:6      | Reached XP level 9. HP: 52/75 MP: 8/8
  5809 | D:6      | Noticed Duvessa
  5811 | D:6      | Noticed Dowan
  5826 | D:6      | Killed Duvessa
  5827 | D:6      | Killed Dowan
  5827 | D:6      | Reached skill level 10 in Axes
  5864 | D:6      | Reached skill level 1 in Dodging
  6131 | D:6      | Found a shimmering blue altar of Sif Muna.
  6727 | D:6      | Paralysed by a hornet for 3 turns
  6745 | D:6      | Paralysed by a hornet for 2 turns
  7008 | D:7      | Found a sacrificial altar of Ru.
  7050 | D:7      | Found a staircase to the Ecumenical Temple.
  7063 | Temple   | Entered the Ecumenical Temple
  7231 | Temple   | Became a worshipper of Makhleb the Destroyer
  7390 | D:7      | Reached skill level 1 in Invocations
  7873 | D:8      | Reached skill level 5 in Fighting
  7917 | D:8      | Noticed a komodo dragon
  7933 | D:8      | Reached XP level 10. HP: 38/88 MP: 9/9
  7939 | D:8      | Slain by a komodo dragon

Illustrated notes

Levels and vault maps discovered:
D:1:      erik_arrival_cave_to_civilisation [erik_arrival_cave_to_hall],
          layout_rooms, minmay_misc_feat_enclosed,
          nemelex_xobeh_ov_fountains_minmay
D:2:      layout_loops_ring, minmay_misc_feat_hallway, minmay_divided_ellipse
D:3:      layout_loops_ring, lemuel_doored_altar,
          amethyst_overflow_temple_binary
D:4:      layout_basic, kennysheep_mini_moat, uniq_sigmund
D:5:      layout_gridville
D:6:      minmay_cornered_nines, layout_basic, led_sif_pool, serial_glass,
          glass_columns_a, glass_columns_c, serial_shops,
          nicolae_shop_behind_doors, nicolae_ossuary_entry_giza, uniq_pikel,
          uniq_duvessa
D:7:      layout_loops_cross, minmay_temple_entry_glassed_door, chequers_garden,
          minmay_misc_feat_plants, hangedman_ru_absence
D:8:      layout_loops_ring, erik_lair_dragon, serial_shops,
          kennysheep_little_box
Temple:   nicolae_temple_elliptical

Skill      XL: |  1  2  3  4  5  6  7  8  9 |
---------------+----------------------------+-----
Axes           | 3 4 6 9 10 | 10.0
Fighting       | 3 5 |  5.0
Armour         | 4 5 6 8 10 | 10.0
Shields        | 4 |  4.0
Dodging        | 4 |  4.6
Invocations    | 3 |  3.5

Action                   |  1- 3 |  4- 6 |  7- 9 | 10-12 || total
-------------------------+-------+-------+-------+-------++-------
Melee: War axe           |   145 |   208 |   530 |     6 ||   889
 Abil: Heal Wounds       |       |     4 |     9 |       ||    13
  Use: Potion            |       |     1 |     7 |       ||     8
       Scroll            |       |     3 |    12 |       ||    15
Armor: Scale mail        |     5 |       |       |       ||     5
       Chain mail        |    76 |   118 |   332 |       ||   526
       Skin              |       |       |     8 |     3 ||    11
Dodge: Dodged            |    46 |    83 |   256 |     1 ||   386
Block: Kite shield       |    77 |       |       |       ||    77
       Buckler           |     7 |    54 |   170 |     1 ||   232

Table legend: (Time is in decaauts)
 A = Elapsed time spent in this place.
 B = Non-inter-level travel time spent in this place.
 C = Inter-level travel time spent in this place.
 D = Time resting spent in this place.
 E = Time spent auto-exploring this place.
 F = Levels seen in this place.
 G = Mean time per level.
                   A        B        C        D        E       F      G
               +--------+--------+--------+--------+--------+-----+--------+
         Total |   8123 |   7754 |    369 |   1639 |   4266 |  10 |  812.3 |
       Dungeon |   7603 |   7283 |    320 |   1513 |   4029 |   8 |  950.4 |
        Temple |    192 |    143 |     49 |      0 |    142 |   1 |  192.0 |
       Ossuary |    326 |    326 |      0 |    126 |     95 |   1 |  326.0 |
               +--------+--------+--------+--------+--------+-----+--------+

Top non-repeatable levels by time:
     D:5: 1515 daAuts
     D:6: 1456 daAuts
     D:2: 1056 daAuts
     D:3: 972 daAuts
     D:4: 887 daAuts
     D:7: 819 daAuts
     D:1: 689 daAuts
 Ossuary: 326 daAuts
     D:8: 205 daAuts
  Temple: 192 daAuts
